 Dungeon Crawl Stone Soup version 0.31.0-12-g77e489cdc1 (webtiles) character file.

Game seed: 14194334030743635080

2524 Doomgape the Fighter (level 9, -2/60 HPs)
             Began as a Gargoyle Fighter on Feb 16, 2024.
             Was a Priest of Okawaru.
             Slain by a yak (5 damage)
             ... on level 8 of the Dungeon.
             The game lasted 00:20:16 (6631 turns).

Doomgape the Fighter (Gargoyle Fighter)             Turns: 6631, Time: 00:20:17

Health: -2/60      AC: 17    Str: 25    XL:     9   Next: 54%
Magic:  18/18      EV:  9    Int:  8    God:    Okawaru [***...]
Gold:   257        SH:  9    Dex:  9    Spells: 8/8 levels left

rFire   + . .        a - +2 flail
rCold   . . .        c - +0 buckler
rNeg    + + .        b - +0 scale mail
rPois   ∞            (no helmet)
rElec   +            t - +1 cloak
rCorr   .            (no gloves)
SInv    .            (no boots)
Will    ++...        f - amulet of Reapidwo {Reflect rF+ Will+ MP+9 SH+5} Stlth
                     r - ring of positive energy
HPRegen 0.30/turn    u - ring of willpower
MPRegen 0.16/turn

%: reflection
@: no status effects
A: sickness immunity, AC +6, negative energy resistance 1, electricity
resistance, torment resistance 1, petrification resistance
a: Renounce Religion, Heroism


You were on level 8 of the Dungeon.
You worshipped Okawaru.
Okawaru was most pleased with you.
You visited 2 branches of the dungeon, and saw 9 of its levels.

You collected 531 gold pieces.
You spent 274 gold pieces at shops.

Inventory:

Hand Weapons
 a - a +2 flail (weapon)
 y - a +2 spear of freezing
Missiles
 w - 3 silver javelins (quivered)
Armour
 b - a +0 scale mail (worn)
 c - a +0 buckler (worn)
 t - a +1 cloak (worn)
Jewellery
 f - the amulet of Reapidwo (around neck) {Reflect rF+ Will+ MP+9 SH+5}
   (You acquired it on level 2 of the Dungeon)

   [amulet of reflection]

   Reflect:   It reflects blocked missile attacks.
   rF+:       It protects you from fire.
   Will+:     It increases your willpower.
   MP+9:      It affects your magic capacity (+9).
   SH+5:      It affects your SH (+5).
 j - a ring of fire
 r - a ring of positive energy (left hand)
 u - a ring of willpower (right hand)
Wands
 l - a wand of polymorph (15)
 n - a wand of roots (24)
 p - a wand of mindburst (31)
Scrolls
 d - 2 scrolls of enchant weapon
 k - a scroll of fog
 o - 2 scrolls of fear
 q - 2 scrolls of teleportation
 s - 5 scrolls of identify
Potions
 e - a potion of haste
 g - a potion of curing
 h - a potion of invisibility {unknown}
 i - 2 potions of attraction {unknown}
 m - a potion of mutation {unknown}
 x - a potion of degeneration {unknown}


   Skills:
 + Level 8.8 Fighting
 + Level 7.5 Maces & Flails
 + Level 8.6 Armour
 - Level 3.2 Shields


You had 8 spell levels left.
You didn't know any spells.
Your spell library contained the following spells:

 Spells                   Type           Power      Damage    Failure   Level
 Kiss of Death            Conj/Necr      0%         2d5       73%         1
 Sandblast                Erth           0%         2d4       73%         1
 Confusing Touch          Hex            0%         N/A       97%         3
 Inner Flame              Hex/Fire       0%         N/A       97%         3
 Passwall                 Erth           0%         N/A       97%         3
 Stone Arrow              Conj/Erth      0%         3d7       97%         3
 Brom's Barrelling Bould  Conj/Erth      0%         2d3       100%        4
 Dispel Undead            Necr           0%         3d6       100%        4
 Passage of Golubria      Tloc           0%         N/A       100%        4
 Fireball                 Conj/Fire      0%         3d3       100%        5
 Irradiate                Conj/Alch      0%         3d11      100%        5
 Iskenderun's Battlesphe  Conj           0%         2d6       100%        5
 Yara's Violent Unravell  Hex/Alch       0%         3d3       100%        5
 Conjure Ball Lightning   Conj/Air       0%         3x3d6     100%        6
 Orb of Destruction       Conj           0%         9d5       100%        7
 Ignition                 Fire           0%         3d3       100%        8
 Tukima's Dance           Hex            Unusable   N/A       N/A         3
 Animate Dead             Necr           Unusable   N/A       N/A         4
 Haunt                    Necr/Summ      Unusable   N/A       N/A         7
 Infestation              Necr           Unusable   N/A       N/A         8

Dungeon Overview and Level Annotations

Branches:
Dungeon (8/15)             Temple (1/1) D:5
   Lair: D:8-11

Altars:
Cheibriados
Dithmenos
Elyvilon
Fedhas
Gozag
Kikubaaqudgha
Makhleb
Nemelex Xobeh
Okawaru
Qazlal
Ru
Sif Muna
Uskayaw
Vehumet
Xom
Yredelemnul
Zin
The Shining One

Shops:
D:6 **:   D:7 :[*(


Innate Abilities, Weirdness & Mutations

You are immune to sickness and miasma.
Your stone body is resilient. (AC +6)
You are immune to poison.
You resist negative energy. (rN+)
You are resistant to electric shocks. (rElec)
You are resistant to unholy torment.
You are immune to petrification.


Message History

The yak barely misses you.
You sock the yak!
You kill the yak!
Okawaru accepts your kill.
You closely miss the yak. You block the yak's attack.
You barely miss the yak. The yak gores you but does no damage.
You hit the yak but do no damage. The yak gores you!
* * * LOW HITPOINT WARNING * * *
You hit the yak but do no damage. The yak barely misses you.
You hit the yak.
The yak is lightly wounded.
The yak gores you.
* * * LOW HITPOINT WARNING * * *
You closely miss the yak.
The yak is lightly wounded.
The yak gores you but does no damage.
You barely miss the yak. The yak closely misses you. The yak gores you.
* * * LOW HITPOINT WARNING * * *
You thump the yak!
The yak is moderately wounded.
The yak gores you but does no damage.
You feel better. The yak barely misses you.
You hit the yak.
The yak is heavily wounded.
The yak misses you.
You sock the yak!
The yak is severely wounded.
The yak gores you.
* * * LOW HITPOINT WARNING * * *
You hit the yak but do no damage.
The yak is severely wounded.
The yak gores you!
* * * LOW HITPOINT WARNING * * *
You thump the yak!
The yak is almost dead.
You block the yak's attack.
You hit the yak.
The yak is almost dead.
The yak gores you.
You die...

####+ .>.. ##... #...
#.. ###.#
##########.#.####.#.##
.............@Y.......
#.#.......#.####.##.#
..###.###.......#
...................
#####.#.###########
...............#
.######.######.#
#.............
#.####.######.#


You could see a yak.

Vanquished Creatures
  5 yaks (D:8)
  A water moccasin (D:7)
  2 ice beasts (D:7)
  A black bear (D:5)
  A centaur (D:7)
  An ogre (D:5)
  A phantom (D:5)
  Blork the orc (D:5)
  A bullfrog (D:7)
  A gnoll sergeant (D:6)
  A scorpion (D:6)
  3 wights (D:7)
  4 howler monkeys (D:7)
  2 jellies
  A hound (D:7)
  A gnoll bouda (D:4)
  An orc priest (D:7)
  Crazy Yiuf (D:6)
  7 iguanas
  2 orc wizards
  6 adders
  10 gnolls
  A white imp (D:7)
  2 dart slugs
  3 ribbon worms
  12 orcs
  7 endoplasms
  3 giant cockroaches
  A goblin (D:3)
  4 hobgoblins
  2 jackals (D:4)
  A quokka (D:3)
  11 ball pythons
  3 bats
  4 frilled lizards (D:3)
  15 kobolds
  5 rats
128 creatures vanquished.

Notes
Turn   | Place    | Note
-------+----------+-------------------------------------------
     0 | D:1      | Doomgape the Gargoyle Fighter began the quest for the Orb.
     0 | D:1      | Reached XP level 1. HP: 14/14 MP: 1/1
   264 | D:1      | Reached XP level 2. HP: 19/19 MP: 2/2
  1059 | D:2      | Reached XP level 3. HP: 24/24 MP: 3/3
  1546 | D:2      | Identified a scroll of acquirement
  1546 | D:2      | Acquired the amulet of Reapidwo {Reflect rF+ Will+ MP+9
                  | SH+5}
  2111 | D:3      | Reached XP level 4. HP: 29/29 MP: 4/4
  2665 | D:4      | Reached XP level 5. HP: 16/34 MP: 5/5
  2797 | D:4      | Found a shimmering blue altar of Sif Muna.
  3064 | D:4      | Reached XP level 6. HP: 9/40 MP: 6/6
  3067 | D:4      | Reached skill level 5 in Fighting
  3069 | D:4      | HP: 2/40 [gnoll/+0 whip[a gnoll bouda] (4)]
  3072 | D:4      | Reached skill level 5 in Armour
  3528 | D:5      | Entered Level 5 of the Dungeon
  3559 | D:5      | Noticed a black bear
  3569 | D:5      | Killed a black bear
  3861 | D:5      | Reached XP level 7. HP: 44/44 MP: 7/7
  3873 | D:5      | Noticed Blork the orc
  3882 | D:5      | Killed Blork the orc
  4094 | D:5      | Reached skill level 5 in Maces & Flails
  4250 | D:5      | Found a staircase to the Ecumenical Temple.
  4255 | Temple   | Entered the Ecumenical Temple
  4268 | Temple   | Became a worshipper of Warmaster Okawaru
  4328 | D:5      | Found a hide-covered altar of Uskayaw.
  4457 | D:6      | Found Fopompuk's General Store.
  4457 | D:6      | Found Arheal's Assorted Antiques.
  4457 | D:6      | Found Kaopu's Book Emporium.
  4459 | D:6      | Bought a scroll of identify for 20 gold pieces
  4459 | D:6      | Bought a scroll of identify for 20 gold pieces
  4600 | D:6      | Bought a scroll labelled MAVAUGE KISAM for 26 gold pieces
  4921 | D:6      | Found a glowing golden altar of the Shining One.
  4921 | D:6      | Found a shadowy altar of Dithmenos.
  5023 | D:6      | Found a runed translucent door.
  5024 | D:6      | Noticed Crazy Yiuf
  5131 | D:6      | Killed Crazy Yiuf
  5274 | D:6      | Reached XP level 8. HP: 50/52 MP: 8/8
  5540 | D:7      | Found Zaxkiodu's Antique Weapon Boutique.
  5798 | D:7      | Reached * piety under Okawaru
  5843 | D:7      | Found Meohomewys's Assorted Antiques.
  5857 | D:7      | Bought a potion of curing for 78 gold pieces
  5857 | D:7      | Bought a potion of heal wounds for 130 gold pieces
  5993 | D:7      | Found Coucrun's Armour Boutique.
  6101 | D:7      | Reached XP level 9. HP: 44/59 MP: 9/9
  6151 | D:7      | Found a blossoming altar of Fedhas.
  6173 | D:7      | Found Tobriall's Book Emporium.
  6342 | D:7      | Reached ** piety under Okawaru
  6617 | D:8      | Reached *** piety under Okawaru
  6629 | D:8      | HP: 3/60 [yak (8)]
  6631 | D:8      | Slain by a yak

Illustrated notes

Levels and vault maps discovered:
D:1:      psy_arrival_fountain, layout_basic
D:2:      layout_basic
D:3:      minmay_chambers_of_threes, layout_rooms
D:4:      layout_gridville, overflow_temple_1_default
D:5:      layout_loops_ring, nicolae_overflow_hidden_temple, temple_statues,
          uniq_blork_the_orc
D:6:      layout_cave_pools, gammafunk_temple_overflow_pools,
          nicolae_shop_distant_corner_stores, uniq_crazy_yiuf_cottage
D:7:      layout_cave_pools, fedhas_altar_2, serial_shops, shop, shop,
          shop_coins, shop
D:8:      lemuel_ice_statue, layout_basic, nicolae_ashenzari_skybound,
          marbit_many_paths, lemuel_coloured_pillars_altar, lair_entry_dummy
Temple:   compressed_dpeg_triangle_lava_temple

Skill      XL: |  1  2  3  4  5  6  7  8  9 |
---------------+----------------------------+-----
Fighting       | 4 5 6 7 8 |  8.8
Armour         | 4 5 6 7 8 |  8.6
Maces & Flails | 3 4 5 6 7 |  7.5
Shields        | |  3.2

Action                     |  1- 3 |  4- 6 |  7- 9 || total
---------------------------+-------+-------+-------++-------
  Melee: Flail             |   145 |   164 |   252 ||   561
    Use: Scroll            |     5 |     3 |     5 ||    13
         Potion            |     2 |     4 |     5 ||    11
 Armour: Scale mail        |   115 |   139 |   169 ||   423
  Dodge: Dodged            |    77 |    59 |    77 ||   213
  Block: Buckler           |    81 |    99 |   105 ||   285
         Reflection        |       |       |     4 ||     4
